 Dungeon Crawl Stone Soup version 0.29-a0-275-g389c0b56f3 (webtiles) character file.

Game seed: 16178122907842319399

30 spaghetti the Magician (level 3, -4/21 HPs)
             Began as an Octopode Hedge Wizard on Mar 12, 2022.
             Slain by a phantom (5 damage)
             ... on level 2 of the Dungeon.
             The game lasted 00:02:05 (1888 turns).

spaghetti the Magician (Octopode Hedge Wizard)      Turns: 1888, Time: 00:02:06

Health: -4/21      AC:  1    Str:  9    XL:     3   Next: 18%
Magic:  0/8        EV: 13    Int: 18    God:
Gold:   65         SH:  0    Dex: 11    Spells: 9/10 levels left

rFire   . . .      SeeInvis .   a - +1 dagger {short}
rCold   . . .      Faith    .   (no shield)
rNeg    . . .      Spirit   .   b - +0 hat
rPois   .          Reflect  .   (no amulet)
rElec   .          Harm     .   (no ring)
rCorr   .          Rampage  .   (no ring)
Will    .....                   (no ring)
Stlth   +++.......              (no ring)
HPRegen 0.07/turn               (no ring)
MPRegen 0.11/turn               (no ring)
                                (no ring)
                                (no ring)

@: brilliant
A: almost no armour, amphibious, 8 rings, camouflage 1, gelatinous body 1,
(nimble swimmer 1), tentacles
a: no special abilities


You were on level 2 of the Dungeon.
You visited 1 branch of the dungeon, and saw 2 of its levels.

You collected 65 gold pieces.


Innate Abilities, Weirdness & Mutations

You cannot wear most types of armour.
You are amphibious.
You can wear up to eight rings at the same time.
Your skin changes colour to match your surroundings (Stealth+).
Your rubbery body absorbs attacks. (AC +1, EV +1)
((You are camouflaged when in or above water. (Stealth+)))
You have tentacles for arms and can constrict up to eight enemies at once.


   Skills:
 - Level 2.0 Dodging
 - Level 2.6 Stealth
 + Level 4.0 Spellcasting
 - Level 1.0 Conjurations
 - Level 1.0 Summonings
 - Level 1.0 Translocations


You had 9 spell levels left.
You knew the following spells:

 Your Spells              Type           Power      Damage    Failure   Level
a - Magic Dart            Conj           40%        1d5       10%         1

Your spell library contained the following spells:

 Spells                   Type           Power      Damage    Failure   Level
 Slow                     Hex            20%        N/A       14%         1
 Blink                    Tloc           20%        N/A       14%         2
 Call Imp                 Summ           10%        N/A       14%         2
 Conjure Flame            Conj/Fire      8%         6-21      34%         3
 Mephitic Cloud           Conj/Pois/Air  7%         N/A       36%         3

Inventory:

Hand Weapons
 a - a +1 dagger (weapon) {short}
Missiles
 e - 33 stones {throwing}
Armour
 b - a +0 hat (worn)
Scrolls
 f - 2 scrolls of teleportation {@r4}
Potions
 c - 2 potions of magic

Dungeon Overview and Level Annotations

Branches:
Dungeon (2/15)

Altars:

#. ...##.....#.. #†##.
#######.# #.#.. #.#
#...# #.# . ##..#
######.# #.###...##
#....#.) .........####
#.##.... ............#
#..##.#.
......W@....######..#[##
......).##.............#
........###.............
........# #.........#...
######### #.........####
#.........# #.........#
#.........# #....>....#


You could see a phantom.


Message History

The phantom hits you.
* * * LOW HITPOINT WARNING * * *
😨 HP[-3]
You take 3 damage, and now have 11/31 hp.
You aren't carrying any items that you can evoke.
You hit the kobold but do no damage.
The phantom hits you but does no damage.
The kobold hits you but does no damage. 😨 HP[+1]
You barely miss the kobold.
The phantom hits you but does no damage.
The kobold hits you but does no damage. 😨 MP[+1]
You hit the kobold.
You kill the kobold!
The phantom hits you but does no damage.
You closely miss the phantom.
The phantom hits you but does no damage.
Aiming: Magic Dart (safe; 10% risk of failure)
Press: ? - help, Q - select action, (/) - cycle Shift-Dir - straight line, f/p - phantom
Aim: a phantom (lightly damaged, 100% to hit)
You feel a surge of power!
The magic dart hits the phantom.
Your transformation is almost over.
The phantom hits you but does no damage. 😨 MP[-1]
You lost 1 mp, and now have 5/8 mp.
Aiming: Magic Dart (safe; 10% risk of failure)
Press: ? - help, Q - select action, (/) - cycle Shift-Dir - straight line, f/p - phantom
Aim: a phantom (moderately damaged, 100% to hit)
You feel a surge of power!
The magic dart hits the phantom but does no damage.
The phantom hits you but does no damage. 😨 MP[-1]
You lost 1 mp, and now have 4/8 mp.
Aiming: Magic Dart (safe; 10% risk of failure)
Press: ? - help, Q - select action, (/) - cycle Shift-Dir - straight line, f/p - phantom
Aim: a phantom (moderately damaged, 100% to hit)
You feel a surge of power!
The magic dart hits the phantom.
The phantom hits you but does no damage. 😨 MP[-1]
You lost 1 mp, and now have 3/8 mp.
Aiming: Magic Dart (safe; 10% risk of failure)
Press: ? - help, Q - select action, (/) - cycle Shift-Dir - straight line, f/p - phantom
Aim: a phantom (moderately damaged, 100% to hit)
You feel a surge of power!
You miscast Magic Dart.
You are very lightly contaminated with residual magic.
Nothing appears to happen.
The phantom hits you but does no damage. 😨 MP[-1]
You lost 1 mp, and now have 2/8 mp.
Aiming: Magic Dart (safe; 10% risk of failure)
Press: ? - help, Q - select action, (/) - cycle Shift-Dir - straight line, f/p - phantom
Aim: a phantom (moderately damaged, 100% to hit)
You feel a surge of power!
The magic dart hits the phantom.
The phantom hits you.
* * * LOW HITPOINT WARNING * * *
😨 HP[-1] MP[-1]
You take 1 damage, and now have 11/31 hp.
You lost 1 mp, and now have 1/8 mp.
Aiming: Magic Dart (safe; 10% risk of failure)
Press: ? - help, Q - select action, (/) - cycle Shift-Dir - straight line, f/p - phantom
Aim: a phantom (moderately damaged, 100% to hit)
You feel a surge of power!
The magic dart hits the phantom.
The phantom hits you.
* * * LOW HITPOINT WARNING * * *
😨 HP[-1] MP[-1]
You take 1 damage, and now have 10/31 hp.
You lost 1 mp, and now have 0/8 mp.
You closely miss the phantom.
The phantom hits you but does no damage. 😨 HP[+1] MP[+1]
You barely miss the phantom.
The phantom hits you but does no damage.
You hit the phantom but do no damage.
The phantom hits you but does no damage.
Aiming: Magic Dart (safe; 10% risk of failure)
Press: ? - help, Q - select action, (/) - cycle Shift-Dir - straight line, f/p - phantom
Aim: a phantom (heavily damaged, 100% to hit)
You feel a surge of power!
The magic dart hits the phantom but does no damage.
The phantom hits you but does no damage.
Your magical contamination has completely faded away. 😨 MP[-1]
You lost 1 mp, and now have 0/8 mp.
You barely miss the phantom.
You feel less wooden.
Your +0 hat unmelds from your body.
The phantom hits you.
* * * LOW HITPOINT WARNING * * *
😱 HP[-10]
You now have 21 max hp (-10).
Okay, then.
Okay, then.
You aren't carrying any items that you can evoke.
Okay, then.
As you read the scroll labelled YGIMOO YXYUCLE, it crumbles to dust.
It is a scroll of enchant weapon.
Your +0 dagger {short} glows red for a moment.
The phantom hits you.
You die...

Skill      XL: |  1  2  3 |
---------------+----------+-----
Spellcasting   | 4 |  4.0
Dodging        | |  2.0
Stealth        | |  2.6
Conjurations   | |  1.0
Summonings     | |  1.0
Translocations | |  1.0

Action                   || total
-------------------------++-------
Melee: Dagger            ||    38
       Constrict         ||     3
       Tentacles         ||     1
 Cast: Magic Dart        ||    62
  Use: Scroll            ||     3
       Potion            ||     3
Armor: Skin              ||    43
Dodge: Dodged            ||    11

Levels and vault maps discovered:
D:1:      minmay_arrival_stone_box, layout_loops_corners
D:2:      layout_rooms, minmay_pentomino_w2

Notes
Turn   | Place    | Note
-------+----------+-------------------------------------------
     0 | D:1      | spaghetti the Octopode Hedge Wizard began the quest for the
                  | Orb.
     0 | D:1      | Reached XP level 1. HP: 11/11 MP: 4/4
     0 | D:1      | magus.rc [v1.9.6]
   509 | D:1      | Reached XP level 2. HP: 17/17 MP: 1/6
  1717 | D:2      | Reached XP level 3. HP: 21/21 MP: 4/8
  1718 | D:2      | Reached skill level 4 in Spellcasting
  1847 | D:2      | Noticed a phantom
  1887 | D:2      | HP: 1/21 [phantom (6)]
  1888 | D:2      | Slain by a phantom

Vanquished Creatures
  5 ball pythons
  2 endoplasms (D:1)
  A giant cockroach (D:2)
  2 goblins (D:1)
  3 hobgoblins
  2 quokkas
  3 bats
  2 frilled lizards (D:1)
  5 kobolds
  2 rats (D:1)
27 creatures vanquished.

Table legend:
 A = Non-vault XP
 B = Vault XP
 C = Vault XP percentage of total XP
 D = Non-vault monster count
 E = Vault monster count
 F = Vault count percentage of total count
                 A         B        C        D         E       F
            +---------+---------+-------+---------+---------+-------
      Total |      40 |       3 |   7.0 |      25 |       2 |   7.4
            +---------+---------+-------+---------+---------+-------
        D:1 |      25 |       0 |   0.0 |      17 |       0 |   0.0
        D:2 |      15 |       3 |  16.7 |       8 |       2 |  20.0
            +---------+---------+-------+---------+---------+-------

Illustrated notes

Table legend:
 A = Kills in this place as a percentage of kills in entire the game.
 B = Kills by you in this place as a percentage of kills by you in the entire game.
 C = Kills by friends in this place as a percentage of kills by friends in the entire game.
 D = Other kills in this place as a percentage of other kills in the entire game.
 E = Experience gained in this place as a percentage of experience gained in the entire game.
 F = Experience gained in this place divided by the number of levels of this place that you have seen.
                   A       B       C       D       E      F
               +-------+-------+-------+-------+-------+----------------------
         Total | 100.0 | 100.0 |   N/A |   N/A | 100.0 |  21.5
       Dungeon | 100.0 | 100.0 |   N/A |   N/A | 100.0 |  21.5
               +-------+-------+-------+-------+-------+----------------------

Table legend: (Time is in decaauts)
 A = Elapsed time spent in this place.
 B = Non-inter-level travel time spent in this place.
 C = Inter-level travel time spent in this place.
 D = Time resting spent in this place.
 E = Time spent auto-exploring this place.
 F = Levels seen in this place.
 G = Mean time per level.
                   A        B        C        D        E       F      G
               +--------+--------+--------+--------+--------+-----+--------+
         Total |   1887 |   1884 |      3 |    414 |   1304 |   2 |  943.5 |
       Dungeon |   1887 |   1884 |      3 |    414 |   1304 |   2 |  943.5 |
               +--------+--------+--------+--------+--------+-----+--------+

Top non-repeatable levels by time:
     D:1: 1535 daAuts
     D:2: 352 daAuts
